 Dungeon Crawl Stone Soup version 0.25.1-2-g60ff931df9 (webtiles) character file.

Game seed: 14045763315066687837

180 DogServant the Cudgeler (level 5, 0/42 HPs)
             Began as a Demonspawn Gladiator on Nov 12, 2020.
             Slain by a black bear (4 damage)
             ... on level 3 of the Dungeon.
             The game lasted 00:02:00 (2074 turns).

DogServant the Cudgeler (Demonspawn Gladiator)      Turns: 2074, Time: 00:02:02

Health: 0/42       AC:  6    Str: 16    XL:     5   Next: 33%
Magic:  5/5        EV: 11    Int:  9    God:
Gold:   122        SH:  4    Dex: 14    Spells: 4/4 levels left

rFire    . . .     SeeInvis .   a - +0 flail
rCold    . . .     Gourm    .   (no shield)
rNeg     + . .     Faith    .   n - +0 ring mail {rN+}
rPois    .         Spirit   .   c - +0 helmet
rElec    .         Reflect  .   (no cloak)
rCorr    .         Harm     .   (no gloves)
MR       .....                  (no boots)
Stlth    +.........             (no amulet)
HPRegen  0.14/turn              (no ring)
MPRegen  0.09/turn              (no ring)

@: no status effects
A: claws 1, large bone plates 1, powered by pain 1
a: no special abilities


You were on level 3 of the Dungeon.
You were not hungry.

You visited 1 branch of the dungeon, and saw 3 of its levels.

You collected 122 gold pieces.

Inventory:

Hand Weapons
 a - a +0 flail (weapon)
Missiles
 m - 4 curare-tipped darts (quivered)
Armour
 c - a +0 helmet (worn)
 n - a +0 ring mail of positive energy (worn)
Wands
 h - a wand of paralysis (6)
Scrolls
 b - a scroll of random uselessness {unknown}
 e - 3 scrolls of identify {unknown}
 i - a scroll of enchant armour {unknown}
 l - a scroll of teleportation {unknown}
 o - a scroll of remove curse {unknown}
Potions
 g - a potion of ambrosia {unknown}
 k - a potion of curing {unknown}
Comestibles
 f - 3 rations
 j - 4 chunks of flesh


   Skills:
 + Level 4.2 Fighting
 + Level 4.3 Maces & Flails
 - Level 1.7 Throwing
 - Level 2.6 Dodging


You had 4 spell levels left.
You didn't know any spells.
Your spell library was empty.

Dungeon Overview and Level Annotations

Branches:
Dungeon (3/15)

Altars:


Innate Abilities, Weirdness & Mutations

You have sharp fingernails.
You are partially covered in large bone plates. (SH +4)
You sometimes gain a little power by taking damage.


Message History

The black bear is heavily wounded.
You block the black bear's attack. The black bear claws you.
The black bear claws you but does no damage.
You hit the black bear.
The black bear is severely wounded.
The black bear barely misses you. The black bear claws you. x2
You closely miss the black bear.
The black bear is severely wounded.
The black bear bites you.
* * * LOW HITPOINT WARNING * * *
You block the black bear's attack. The black bear claws you.
* * * LOW HITPOINT WARNING * * *
You barely miss the black bear.
The black bear is severely wounded.
The black bear bites you.
* * * LOW HITPOINT WARNING * * *
The black bear barely misses you. The black bear misses you.
The black bear bites you but does no damage.
The black bear claws you.
You die...

## . ## ######. ...
.########......
.....####..............#
.....gh@.########......#
########..### #......#
##...## #.###... ##...#
#.###..# #...####.##...#
#...#.........#
##...)##..##...
#....##.###...
##...##.#...#.


You could see a black bear and a goblin.

Vanquished Creatures
  An ogre (D:2)
  Terence (D:2)
  A gnoll (D:1)
  2 adders
  2 worms (D:3)
  A dart slug (D:1)
  4 orcs (D:3)
  A ball python (D:3)
  A giant cockroach (D:2)
  5 goblins
  4 hobgoblins
  4 bats
  5 frilled lizards
  3 rats
35 creatures vanquished.

Notes
Turn   | Place    | Note
-------+----------+-------------------------------------------
     0 | D:1      | DogServant the Demonspawn Gladiator began the quest for the
                  | Orb.
     0 | D:1      | Reached XP level 1. HP: 16/16 MP: 1/1
   342 | D:1      | Gained mutation: You have sharp fingernails. [demonic
                  | ancestry]
   342 | D:1      | Reached XP level 2. HP: 20/23 MP: 2/2
  1017 | D:2      | Reached XP level 3. HP: 24/28 MP: 3/3
  1101 | D:2      | Noticed Terence
  1116 | D:2      | Killed Terence
  1311 | D:2      | Noticed an ogre
  1322 | D:2      | Killed an ogre
  1322 | D:2      | Gained mutation: You sometimes gain a little power by
                  | taking damage. [demonic ancestry]
  1322 | D:2      | Reached XP level 4. HP: 37/37 MP: 4/4
  1322 | D:2      | Gained mutation: You are partially covered in large bone
                  | plates. (SH +4) [demonic ancestry]
  1322 | D:2      | Reached XP level 5. HP: 42/42 MP: 5/5
  2060 | D:3      | Noticed a black bear
  2074 | D:3      | Slain by a black bear

Illustrated notes

Levels and vault maps discovered:
D:1:      co_arrival_random_square_maze, layout_basic
D:2:      layout_rooms, uniq_terence
D:3:      layout_rooms, hex_intersection, st_stairs_3, serial_bayou_pond_d,
          grunt_decor_mini_mirrors

Skill      XL: |  1  2  3 |
---------------+----------+-----
Maces & Flails | 3 4 |  4.3
Fighting       | 4 |  4.2
Throwing       | |  1.7
Dodging        | |  2.6

Action                   |  1- 3 |  4- 6 || total
-------------------------+-------+-------++-------
Melee: Flail             |    72 |    60 ||   132
Throw: Throwing net      |     3 |     1 ||     4
 Stab: Held in net/web   |     3 |       ||     3
  Eat: Chunk             |     1 |     3 ||     4
Armor: Ring mail         |    18 |    24 ||    42
Dodge: Dodged            |    55 |    22 ||    77
Block: Other             |       |    12 ||    12
